 Dungeon Crawl Stone Soup version 0.27.1-34-g3ba077fa99 (webtiles) character file.

Game seed: 4277726487777922284

22 sankara the Ruffian (level 2, -4/23 HPs)
             Began as a Minotaur Transmuter on Jan 22, 2022.
             Slain by a scorpion (8 damage)
             ... on level 2 of the Dungeon.
             The game lasted 00:02:41 (1159 turns).

sankara the Ruffian (Minotaur Transmuter)           Turns: 1159, Time: 00:02:41

Health: -4/23      AC:  2    Str: 14    XL:     2   Next: 68%
Magic:  3/3        EV: 12    Int: 10    God:
Gold:   32         SH:  0    Dex: 10    Spells: 1/4 levels left

rFire    . . .     SeeInvis .     - Unarmed
rCold    . . .     Faith    .   (no shield)
rNeg     . . .     Spirit   .   a - +0 robe
rPois    .         Reflect  .   (helmet restricted)
rElec    .         Harm     .   (no cloak)
rCorr    .         Rampage  .   (no gloves)
Will     .....                  (no boots)
Stlth    +.........             (no amulet)
HPRegen  0.07/turn              (no ring)
MPRegen  0.08/turn              (no ring)

@: no status effects
A: horns 2, retaliatory headbutt
a: no special abilities


You were on level 2 of the Dungeon.
You visited 1 branch of the dungeon, and saw 2 of its levels.

You collected 32 gold pieces.

Inventory:

Armour
 a - a +0 robe (worn)
Scrolls
 c - a scroll of summoning {unknown}
Potions
 b - 2 potions of curing {unknown}
 d - a potion of haste {unknown}


   Skills:
 - Level 1.2 Fighting
 - Level 2.1 Dodging
 + Level 3.8 Unarmed Combat
 - Level 1.5 Spellcasting
 + Level 2.1 Transmutations


You had one spell level left.
You knew the following spells:

 Your Spells              Type           Power      Damage    Failure   Level
a - Beastly Appendage     Tmut           10%        N/A       14%         1
b - Wereblood             Tmut           5%         N/A       21%         2

Your spell library contained the following spells:

 Spells                   Type           Power      Damage    Failure   Level
 Spider Form              Tmut/Pois      1%         N/A       54%         3
 Ice Form                 Ice/Tmut       2%         N/A       91%         4


Dungeon Overview and Level Annotations

Branches:
Dungeon (2/15)

Altars:

Shops:
D:1 **?   D:2 !


Innate Abilities, Weirdness & Mutations

You have a pair of horns on your head.
You reflexively headbutt those who attack you in melee.


Message History

No target in view!
No target in view!
No target in view!
Your talons disappear.
Things that are here:
a +0 dagger; a goblin corpse A scorpion comes into view.
A scorpion is nearby!
Casting: Beastly Appendage (safe; 14% risk of failure)
Confirm with . or Enter, or press ? or * to list all spells.
Okay, then.
You open the door.
A kobold comes into view. It is wielding a +0 dagger.
The scorpion closely misses you. The scorpion stings you.
You are poisoned.
The scorpion poisons you!
You feel very sick.
You feel very sick.
You feel sick.
You feel sick.
You feel sick.
You feel sick.
You feel sick. The scorpion barely misses you.
You feel sick.
You feel sick.
You are no longer poisoned.
The scorpion stings you.
* * * LOW HITPOINT WARNING * * *
The scorpion barely misses you. You furiously retaliate!
You headbutt the scorpion, but do no damage.
Things that are here:
a +0 dagger; a goblin corpse The scorpion barely misses you.
You furiously retaliate!
You headbutt the scorpion, but do no damage.
The scorpion closely misses you. The scorpion closely misses you.
There is a stone staircase leading up here.
The scorpion stings you!
You die...

#.# #.# .###.# ###
#.####.# ...... #..
#....#.#######.###..####..
#.##.#.#............#.^'..
#.#............#### #.##..
#.#........#...<..# # #..
#†#..#.<.#.#<..#.## #..
#.#..#..s#.#...# .. ###
#.##.#...@.....####. #
#†#.........∩..#.. .
#.#..#.#.......#.# #
#.#...........##.#
##.#.##.#.#......##.#
#.................[.#
####.##.#.#..#...####
#.##.#.#..#.#.#####.#
#.##.#.#............#


You could see a scorpion.

Vanquished Creatures
  3 endoplasms (D:1)
  2 giant cockroaches (D:2)
  2 goblins
  3 hobgoblins (D:1)
  3 jackals (D:1)
  A kobold (D:1)
  2 ball pythons
  2 rats
18 creatures vanquished.

Notes
Turn   | Place    | Note
-------+----------+-------------------------------------------
     0 | D:1      | sankara the Minotaur Transmuter began the quest for the
                  | Orb.
     0 | D:1      | Reached XP level 1. HP: 16/16 MP: 1/1
   204 | D:1      | Reached XP level 2. HP: 18/23 MP: 1/3
   209 | D:1      | Learned a level 2 spell: Wereblood
   267 | D:1      | Found a faded altar of an unknown god.
   373 | D:1      | Found Piygrueth's General Store.
   627 | D:1      | Found Hijiateg's Assorted Antiques.
   738 | D:1      | Found Ufyng's Magic Scroll Emporium.
   936 | D:2      | Found Isumim's Distillery.
  1105 | D:2      | Noticed a scorpion
  1159 | D:2      | Slain by a scorpion

Illustrated notes

Levels and vault maps discovered:
D:1:      roderic_chinese_lattice_arrival, layout_loops_ring, serial_shops,
          shop_statue, shop, shop, ebering_ecumenical_altar_rust,
          minmay_misc_feat_roman
D:2:      layout_basic, serial_shops, shop, basic_altar, uniq_robin

Skill      XL: |  1  2 |
---------------+-------+-----
Transmutations | 2 |  2.1
Fighting       | |  1.2
Dodging        | |  2.1
Unarmed Combat | |  3.8
Spellcasting   | |  1.5

Action                   || total
-------------------------++-------
Melee: Unarmed           ||    30
       Headbutt          ||     2
       Kick              ||     4
 Cast: Beastly Appendage ||     7
Armor: Robe              ||     4
Dodge: Dodged            ||    20
